 Dungeon Crawl Stone Soup version 0.23-b1-70-gd12f7cf (webtiles) character file.

Game seed: 2886779341033432755

194 Yuikono the Skirmisher (level 5, -2/47 HPs)
             Began as a Demonspawn Chaos Knight on Feb 6, 2019.
             Was a Plaything of Xom.
             Slain by Grinder (3 damage)
             ... while paralysed by Grinder
             ... on level 3 of the Dungeon.
             The game lasted 00:09:48 (2648 turns).

Yuikono the Skirmisher (Demonspawn Chaos Knight)    Turns: 2648, Time: 00:09:49

Health: -2/47      AC:  8    Str: 15    XL:     5   Next: 44%
Magic:  0/5        EV:  2    Int: 13    God:    Xom [...*..]
Gold:   118        SH:  0    Dex: 13    Spells: 4/4 levels left

rFire    + . .     SeeInvis .   a - +0 falchion (chaos)
rCold    + . .     Gourm    .   (no shield)
rNeg     . . .     Faith    .   b - +2 leather armour
rPois    .         Spirit   +   (no helmet)
rElec    .         Reflect  .   i - scarf {rC+ rF+}
rCorr    .         Harm     .   (no gloves)
MR       .....     Clarity  +   r - +0 pair of boots
Stlth    +.........             (no amulet)
HPRegen  0.15/turn              (no ring)
MPRegen  0.09/turn              (no ring)

@: paralysed, berserk cooldown, slowed
A: talons 1, yellow scales 1, blink, clarity, mutation resistance 1, robust 1,
strong 1, wild magic 1, magic shield, MP-powered wands
a: Blink, Renounce Religion


You were on level 3 of the Dungeon.
You worshipped Xom.
You were a favourite toy of Xom.
You were not hungry.

You visited 1 branch of the dungeon, and saw 3 of its levels.

You collected 118 gold pieces.

Inventory:

Hand Weapons
 a - a +0 falchion of chaos (weapon)
Missiles
 g - 66 stones (quivered)
 k - 47 bolts
 l - 27 sling bullets
 n - 4 tomahawks
Armour
 b - a +2 leather armour (worn)
 i - a scarf of resistance (worn)
 m - a +0 large shield
 r - a +0 pair of boots (worn)
Scrolls
 d - a scroll of fog {unknown}
 e - a scroll of identify {unknown}
 f - a scroll of enchant weapon {unknown}
 o - a scroll of magic mapping {unknown}
 p - a scroll of amnesia {unknown}
 q - a scroll of teleportation {unknown}
 s - a scroll of noise {unknown}
Potions
 h - a potion of heal wounds {unknown}
 t - a potion of berserk rage {unknown}
Comestibles
 c - 4 rations


   Skills:
 + Level 4.8 Fighting
 + Level 4.4 Long Blades
 - Level 1.7 Armour
 - Level 0.8 Dodging


You had 4 spell levels left.
You didn't know any spells.
Your spell library was empty.

Dungeon Overview and Level Annotations

Branches:
Dungeon (3/15)

Altars:
Dithmenos
Wu Jian
Xom

Annotations:
D:3 Grinder


Innate Abilities, Weirdness & Mutations

You are partially covered in yellow scales. (AC +2)
When hurt, damage is shared between your health and your magic reserves.
You have sharp toenails.
You can translocate small distances at will.
You possess an exceptional clarity of mind.
You are somewhat resistant to further mutation.
You are robust. (+10% HP)
Your muscles are strong. (Str +2)
Your spells are a little harder to cast, but a little more powerful.
You expend magic power (3 MP) to strengthen your wands.


Message History

Grinder is almost dead.
The bat closely misses you.
You riposte.
You barely miss the bat.
Grinder blinks!
Grinder gestures at you.
You suddenly lose the ability to move!
The bat barely misses you. The rat bites you but does no damage.
Grinder blinks!
The bat barely misses you. The rat bites you but does no damage.
The bat hits you but does no damage. The rat bites you but does no damage.
Grinder says, "FISH!"
You hear Xom's avuncular chuckle.
Grinder flickers and vanishes!
Deactivating autopickup; reactivate with Ctrl-A.
You are now a favourite toy of Xom.
The bat hits you.
* * * LOW HITPOINT WARNING * * *
The rat bites you.
* * * LOW HITPOINT WARNING * * *
The bat hits you but does no damage. The rat bites you. Something hits you.
You die...

** ** *######* * ,
..##%..).## ,,
,......%...## ,,,,
...........# #### *, ,
,.........(.# ######... , ,
,...........# #......## *
,......§b...#####§####### *
* ,, ,......{§§§§(†....# #
* **, ,.......@§..####### ,
,......r§§§##*******####* *
*, ..#....§....,**,..##...#
, ,
,,,..............,.........
**
,.##.###..###............ ,
**** * #.
##..,,..(......... , ,,,
,**#,*, ..# *,........... *
,,, , ,, ,,,...,,
,.......... ,, ,,***,* ,,
** **...##....


You could see a bat and a rat.

Vanquished Creatures
  An iguana (D:3)
  5 gnolls
  2 adders
  A shadow imp (D:2)
  3 dart slugs
  9 orcs
  5 giant cockroaches
  5 goblins
  7 hobgoblins
  9 jackals (D:1)
  6 bats
  4 frilled lizards
  7 kobolds
  13 rats
77 creatures vanquished.

Vanquished Creatures (collateral kills)
  An adder (D:2)
1 creature vanquished.

Grand Total: 78 creatures vanquished

Notes
Turn   | Place    | Note
-------+----------+-------------------------------------------
     0 | D:1      | Yuikono the Demonspawn Chaos Knight began the quest for the
                  | Orb.
     0 | D:1      | Reached XP level 1. HP: 18/18 MP: 1/1
    15 | D:1      | Noticed a minotaur skeleton
    57 | D:1      | Gained mutation: When hurt, damage is shared between your
                  | health and your magic reserves. [demonic ancestry]
    57 | D:1      | Reached XP level 2. HP: 18/24 MP: 2/2
    99 | D:1      | XOM: divination: detect creatures
   124 | D:1      | XOM: summons 1 hostile demon
   129 | D:1      | XOM: smoke on damage
   334 | D:1      | Reached XP level 3. HP: 22/29 MP: 0/3
   526 | D:1      | XOM: harmless Conj miscast
   825 | D:2      | XOM: harmless Air miscast
  1021 | D:2      | Found a faded altar of an unknown god.
  1231 | D:2      | Gained mutation: You are partially covered in yellow
                  | scales. (AC +2) [demonic ancestry]
  1231 | D:2      | Reached XP level 4. HP: 32/37 MP: 4/4
  1239 | D:2      | XOM: summons friendly white imp
  1658 | D:2      | XOM: give mutations
  1658 | D:2      | Gained mutation: You can translocate small distances at
                  | will. [Xom's grace]
  1658 | D:2      | Gained mutation: You are somewhat resistant to further
                  | mutation. [Xom's grace]
  2079 | D:3      | XOM: mild Chrm miscast
  2096 | D:3      | XOM: confusion
  2188 | D:2      | XOM: scenery: create altars
  2231 | D:2      | XOM: give mutations
  2231 | D:2      | Gained mutation: You possess an exceptional clarity of
                  | mind. [Xom's grace]
  2231 | D:2      | Gained mutation: Your spells are a little harder to cast,
                  | but a little more powerful. [Xom's grace]
  2311 | D:3      | Reached XP level 5. HP: 41/43 MP: 5/5
  2334 | D:3      | Found a shadowy altar of Dithmenos.
  2490 | D:3      | XOM: give mutations
  2490 | D:3      | Gained mutation: You are robust. (+10% HP) [Xom's grace]
  2490 | D:3      | Gained mutation: You have sharp toenails. [Xom's grace]
  2490 | D:3      | Gained mutation: You expend magic power (3 MP) to
                  | strengthen your wands. [Xom's grace]
  2490 | D:3      | Gained mutation: Your muscles are strong. (Str +2) [Xom's
                  | grace]
  2509 | D:3      | Found an ornate altar of the Wu Jian Council.
  2544 | D:3      | XOM: divination: magic mapping
  2600 | D:3      | Noticed Grinder
  2613 | D:3      | XOM: fog
  2623 | D:3      | XOM: mild Fire miscast
  2631 | D:3      | XOM: potion effect (berserk rage)
  2633 | D:3      | Paralysed by Grinder for 5 turns
  2634 | D:3      | XOM: fog
  2643 | D:3      | Paralysed by Grinder for 7 turns
  2647 | D:3      | XOM: enchant monster (bad)
  2647 | D:3      | HP: 2/47 [bat (1)]
  2648 | D:3      | Slain by Grinder

Skill      XL: |  1  2  3  4 |
---------------+-------------+-----
Long Blades    | 3 4 |  4.4
Fighting       | 4 |  4.8
Armour         | |  1.7
Dodging        | |  0.8

Action                   |  1- 3 |  4- 6 || total
-------------------------+-------+-------++-------
Melee: Falchion          |   104 |   141 ||   245
Throw: Stone             |     7 |    14 ||    21
  Use: Potion            |       |     2 ||     2
 Stab: Confused          |     1 |       ||     1
  Eat: Chunk             |     1 |     2 ||     3
       Ration            |       |     1 ||     1
Armor: Leather armour    |    32 |   113 ||   145
Dodge: Dodged            |    78 |    88 ||   166
       Rpst.: Falchion   |    33 |    28 ||    61
